 Dungeon Crawl Stone Soup version 0.30-a0-1050-g2766ea1e55 (webtiles) character file.

Game seed: 12557693438180716326

103 Lavandula the Twirler (level 4, -1/33 HPs)
             Began as a Demonspawn Gladiator on Apr 10, 2023.
             Killed from afar by a white imp (10 damage)
             ... with a puff of frost
             ... summoned by Eustachio
             ... on level 4 of the Dungeon.
             The game lasted 00:04:54 (1579 turns).

Lavandula the Twirler (Demonspawn Gladiator)        Turns: 1579, Time: 00:04:55

Health: -1/33      AC:  3    Str: 17    XL:     4   Next: 51%
Magic:  4/4        EV: 12    Int:  9    God:
Gold:   117        SH:  6    Dex: 14    Spells: 0/3 levels left

rFire   . . .      SeeInvis .    a - +0 quarterstaff
rCold   . . .      Faith    .    (shield currently unavailable)
rNeg    . . .      Spirit   .    b - +0 leather armour
rPois   .          Reflect  .    (helmet restricted)
rElec   .          Rampage  .    (no cloak)
rCorr   .                        (no gloves)
Will    .....                    (no boots)
Stlth   +                        k - amulet of magic regeneration
HPRegen 0.25/turn                (no ring)
MPRegen 0.49/turn                (no ring)

@: no status effects
A: horns 1, large bone plates 2
a: no special abilities


You were on level 4 of the Dungeon.
You visited 1 branch of the dungeon, and saw 4 of its levels.

You collected 117 gold pieces.

Inventory:

Hand Weapons
 a - a +0 quarterstaff (weapon)
Missiles
 d - a throwing net (quivered)
 e - a javelin
 h - 3 boomerangs
 o - 12 poisoned darts
Armour
 b - a +0 leather armour (worn)
 g - a +0 helmet
Jewellery
 k - an amulet of magic regeneration (around neck)
Wands
 m - a wand of paralysis (3)
Scrolls
 f - 6 scrolls of identify {unknown}
 s - 2 scrolls of teleportation {unknown}
Potions
 c - 2 potions of curing {unknown}
 i - 2 potions of haste {unknown}
 j - 2 potions of heal wounds {unknown}
 l - a potion of degeneration {unknown}
 n - a potion of lignification {unknown}
 p - a potion of brilliance {unknown}
 q - a potion of cancellation {unknown}
 r - a potion of mutation {unknown}


   Skills:
 - Level 2.0 Fighting
 - Level 4.8 Staves
 - Level 1.7 Throwing
 - Level 2.6 Dodging
 + Level 0.3 Summonings


You couldn't memorise any spells.
You knew the following spells:

 Your Spells              Type           Power      Damage    Failure   Level
a - Call Canine Familiar  Summ           0%         N/A       78%         3

Your spell library contained the following spells:

 Spells                   Type           Power      Damage    Failure   Level
 Portal Projectile        Hex/Tloc       0%         N/A       83%         3
 Ice Form                 Ice/Tmut       0%         N/A       99%         4
 Leda's Liquefaction      Hex/Erth       0%         N/A       99%         4
 Summon Mana Viper        Hex/Summ       0%         N/A       100%        5
 Ozocubu's Refrigeration  Ice            0%         4d7       100%        7


Dungeon Overview and Level Annotations

Branches:
Dungeon (4/15)
 Temple: D:4-7

Altars:

Shops:
D:1 (

Annotations:
D:3 Sigmund
D:4 Eustachio


Innate Abilities, Weirdness & Mutations

You have a pair of small horns on your head.
You are mostly covered in large bone plates. (SH +6)


Message History

Eustachio mumbles some strange words.
The bat hits you.
Press: ? - help, v - describe, . - travel
Here: Eustachio, wielding a +0 rapier and wearing a +0 leather armour (moderately wounded)
The floor.
Unknown command.
Sorry, you're not good enough to have a special ability.
Unknown command.
Throw: 2 throwing nets
Press: ? - help, Shift-Dir - straight line, f - Eustachio
Aim: Eustachio, wielding a +0 rapier and wearing a +0 leather armour (moderately wounded, 48% to hit)
You throw a throwing net. The throwing net hits Eustachio.
Eustachio is caught in the net!
Eustachio is moderately wounded.
The bat barely misses you.
Eustachio struggles against the net.
You sock Eustachio! You headbutt Eustachio!
Eustachio is severely wounded.
The white imp gestures at you. The puff of frost hits you!
The white imp gestures at you. The puff of frost hits you!
* * * LOW HITPOINT WARNING * * *
Eustachio struggles against the net.
The quokka misses you.
You catch the helpless Eustachio completely off-guard!
You hit Eustachio.
Eustachio is severely wounded.
The white imp closely misses you. You block the white imp's attack.
A goblin comes into view. It is wielding a +0 club.
The quokka misses you.
Eustachio mumbles some strange words.
Eustachio blinks!
Okay, then.
Unknown command.
Unknown command.
You miss the ufetubus.
The goblin shouts!
Your headbutt misses the ufetubus. You block the quokka's attack.
The white imp gestures at you. The puff of frost hits you!
You die...

.........##
..........#
..........#
..<......##
.........#
.....@...######
.....g........##
.#.........5...##
#.......[br@5..##
#.........5####.#
#..........# ###
#..........#
#.......#<.#
#.......#..#
......#..# ....
##.# ... #.#


You could see Eustachio, 2 white imps, an ufetubus (summoned), a quokka
(summoned), a goblin and a bat (summoned).

Vanquished Creatures
  An orc priest (D:3)
  An iguana (D:3)
  2 orcs (D:3)
  5 endoplasms
  2 giant cockroaches (D:2)
  3 goblins (D:3)
  6 hobgoblins
  3 kobolds
  3 quokkas
  8 ball pythons
  3 bats
  2 frilled lizards
  2 rats
41 creatures vanquished.

Notes
Turn   | Place    | Note
-------+----------+-------------------------------------------
     0 | D:1      | Lavandula the Demonspawn Gladiator began the quest for the
                  | Orb.
     0 | D:1      | Reached XP level 1. HP: 16/16 MP: 1/1
   140 | D:1      | Reached skill level 3 in Staves
   184 | D:1      | Found Qesyrane's Weapon Emporium.
   282 | D:1      | Gained mutation: You have a pair of small horns on your
                  | head. [demonic ancestry]
   282 | D:1      | Reached XP level 2. HP: 22/22 MP: 2/2
   285 | D:1      | You fall into a shaft and drop 1 floor!
   999 | D:3      | Reached skill level 4 in Staves
   999 | D:3      | Gained mutation: You are partially covered in large bone
                  | plates. (SH +4) [demonic ancestry]
   999 | D:3      | Reached XP level 3. HP: 15/27 MP: 3/3
  1151 | D:3      | Got the Anthology of Ill-starred Hail
  1172 | D:3      | Gained mutation: You are mostly covered in large bone
                  | plates. (SH +6) [demonic ancestry]
  1172 | D:3      | Reached XP level 4. HP: 31/33 MP: 4/4
  1287 | D:3      | Learned a level 3 spell: Call Canine Familiar
  1314 | D:3      | Noticed Sigmund
  1380 | D:3      | Found a faded altar of an unknown god.
  1541 | D:4      | Noticed Eustachio
  1579 | D:4      | Killed from afar by a white imp

Illustrated notes

Levels and vault maps discovered:
D:1:      dpeg_arrival_arbitrary_a, layout_rooms, serial_shops,
          nicolae_shop_competitors_out_of_business, minivault_23
D:2:      layout_loops_ring, serial_glass, glass_columns_a, glass_columns_a
D:3:      layout_rooms, basic_ecumenical_altar, uniq_sigmund
D:4:      layout_layer_cave, serial_shops, nicolae_square_shop, uniq_eustachio

Skill      XL: |  1  2 |
---------------+-------+-----
Staves         | 3 4 |  4.8
Fighting       | |  2.0
Throwing       | |  1.7
Dodging        | |  2.6
Summonings     | |  0.3

Action                     |  1- 3 |  4- 6 || total
---------------------------+-------+-------++-------
  Melee: Quarterstaff      |    95 |    39 ||   134
         Headbutt          |    12 |     5 ||    17
  Throw: Throwing net      |     1 |     1 ||     2
  Evoke: Wand              |     1 |       ||     1
   Stab: Held in net/web   |     1 |     1 ||     2
         Paralysed         |     6 |       ||     6
 Armour: Leather armour    |    28 |     2 ||    30
  Dodge: Dodged            |    63 |    17 ||    80
  Block: Other             |     1 |    11 ||    12

Table legend: (Time is in decaauts)
 A = Elapsed time spent in this place.
 B = Non-inter-level travel time spent in this place.
 C = Inter-level travel time spent in this place.
 D = Time resting spent in this place.
 E = Time spent auto-exploring this place.
 F = Levels seen in this place.
 G = Mean time per level.
                   A        B        C        D        E       F      G
               +--------+--------+--------+--------+--------+-----+--------+
         Total |   1595 |   1541 |     54 |    154 |    928 |   4 |  398.8 |
       Dungeon |   1595 |   1541 |     54 |    154 |    928 |   4 |  398.8 |
               +--------+--------+--------+--------+--------+-----+--------+

Top non-repeatable levels by time:
     D:2: 748 daAuts
     D:3: 505 daAuts
     D:1: 289 daAuts
     D:4: 52 daAuts
